 Dungeon Crawl Stone Soup version 0.28-a0-816-gb054d885db (webtiles) character file.

Game seed: 12905223313554364763

114 vurker the Gusty (level 4, 19/19 HPs)
             Began as a Felid Air Elementalist on Nov 8, 2021.
             Quit the game on level 3 of the Dungeon.
             The game lasted 00:04:33 (4539 turns).

vurker the Gusty (Felid Air Elementalist)           Turns: 4539, Time: 00:04:34

Health: 19/19      AC:  1    Str:  4    XL:     4   Next: 67%
Magic:  10/10      EV: 17    Int: 18    God:
Gold:   114        SH:  0    Dex: 16    Spells: 9/10 levels left
                                        Lives:  0   Deaths: 1

rFire   . . .      SeeInvis +   (weapon unavailable)
rCold   . . .      Faith    .   (shield unavailable)
rNeg    . . .      Spirit   .   (armour unavailable)
rPois   .          Reflect  .   (helmet unavailable)
rElec   .          Harm     .   (cloak unavailable)
rCorr   .          Rampage  .   (gloves unavailable)
Will    .....                   (boots unavailable)
Stlth   ++........              (no amulet)
HPRegen 0.06/turn               (no ring)
MPRegen 0.12/turn               (no ring)

@: quick
A: very small, claws 1, fangs 3, see invisible, speed 1, shaggy fur 1, stealthy
paws, no weapons or thrown items, no armour, multi-lived
a: no special abilities


You were on level 3 of the Dungeon.
You visited 1 branch of the dungeon, and saw 4 of its levels.

You collected 114 gold pieces.

Inventory:

Scrolls
 a - a scroll of fear {unknown}
 d - 2 scrolls of teleportation {unknown}
 e - a scroll of blinking {unknown}
 f - a scroll of enchant weapon {unknown}
 h - a scroll of brand weapon {unknown}
 m - a scroll of magic mapping {unknown}
Potions
 b - 2 potions of curing {unknown}
 c - 2 potions of berserk rage {unknown}
 g - 2 potions of flight {unknown}
 i - a potion of attraction {unknown}
 j - a potion of brilliance {unknown}
 k - a potion of heal wounds {unknown}
 l - a potion of mutation {unknown}


   Skills:
 + Level 2.0 Fighting
 - Level 2.6 Dodging
 - Level 2.6 Stealth
 * Level 3.6 Spellcasting
 + Level 2.1 Conjurations
 * Level 4.0 Air Magic


You had 9 spell levels left.
You knew the following spells:

 Your Spells              Type           Power      Damage    Failure   Level
a - Shock                 Conj/Air       56%        1d6       4%          1

Your spell library contained the following spells:

 Spells                   Type           Power      Damage    Failure   Level
 Static Discharge         Conj/Air       14%        N/A       7%          2
 Swiftness                Air            17%        N/A       9%          3
 Slow                     Hex            12%        N/A       16%         1
 Airstrike                Air            8%         N/A       28%         4
 Confusing Touch          Hex            3%         N/A       43%         3
 Vampiric Draining        Necr           3%         2d6       43%         3


Dungeon Overview and Level Annotations

Branches:
Dungeon (4/15)
 Temple: D:4-7

Altars:
Kikubaaqudgha
Qazlal

Annotations:
D:3 Ijyb


Innate Abilities, Weirdness & Mutations

You have sharp claws.
You have razor-sharp teeth.
You have supernaturally acute eyesight. (SInv)
You cover ground quickly. (Speed+)
You are covered in fur. (AC +1)
Your paws help you pounce on unaware monsters.
You are incapable of wielding weapons or throwing items.
You cannot wear armour.
You gain extra lives every three experience levels.


Message History

The zap hits the jackal.
The jackal barely misses you.
Aim: a jackal (almost dead, 64% to hit)
The zap hits the jackal.
You kill the jackal!
You can't see any susceptible monsters within range! (Use Z to cast anyway.)
A dart slug comes into view.
A dart slug is nearby!
A dart slug is nearby!
Aim: a dart slug (wandering, hasn't noticed you, 100% to hit)
The zap hits the dart slug.
The dart slug launches a dart at you. The slug dart misses you.
Aim: a dart slug (heavily wounded, 100% to hit)
The zap hits the dart slug.
You kill the dart slug!
Your Fighting skill increases to level 2!
Found a pair of gloves.
Ijyb is nearby!
Aim: Ijyb, wielding a +0 hand axe, wearing a +0 ring mail, quivering stones and carrying a wand of flame (17) (wandering, hasn't noticed you, 68% to hit)
The zap hits Ijyb.
Ijyb zaps a wand.
The puff of flame hits you!
Ouch! That really hurt!
* * * LOW HITPOINT WARNING * * *
Ijyb throws a stone.
The stone misses you.
You see here 15 stones.
Things that are here:
15 stones; a +0 dagger; a +0 hunting sling
There is a stone staircase leading up here.
Things that are here:
15 stones; a +0 dagger; a +0 hunting sling Ijyb shouts!
Aim: Ijyb, wielding a +0 hand axe, wearing a +0 ring mail, quivering stones and carrying a wand of flame (16) (68% to hit)
The zap hits Ijyb.
Ijyb zaps a wand.
The puff of flame hits you!
Ijyb zaps a wand.
The puff of flame misses you.
Ijyb is nearby!
Ijyb zaps a wand.
The puff of flame hits you!
* * * LOW HITPOINT WARNING * * *
Ijyb zaps a wand.
The puff of flame misses you.
Ijyb zaps a wand.
The puff of flame hits you!
You die...
You are now level 4!
You rejoin the land of the living...
Unknown command.

#.##..................####
#.##.##..##.....###......#
#.##.##.<##.....# #.#.##.#
#........##.....# #....#.#
####(###.###...## #......#
##.# #.......# #....#.#
#..# ######### #.#.##.#
#.## ####### #......# #.#
#..@..# ###.#### ###.#
#.....# #.# #...# #.....#
#.# #.### #.....# #####.#
#.# ##.....###.....# #.#
#.......##.##### #.#
#.##.##.##.# #.#
##.##.##.##.# #.#
###.....##.##.#


There were no monsters in sight!

Vanquished Creatures
  A water moccasin skeleton (D:4)
  Jessica (D:2)
  A bullfrog skeleton (D:4)
  An orc wizard (D:2)
  3 adders
  2 dart slugs
  3 orcs (D:2)
  3 ball pythons
  2 bats
  10 endoplasms
  3 giant cockroaches
  6 goblins
  6 hobgoblins
  4 jackals (D:3)
  2 kobolds
  2 quokkas (D:1)
  6 frilled lizards
  6 rats
62 creatures vanquished.

Vanquished Creatures (others)
  4 fungi (D:3)
  4 plants (D:3)
8 creatures vanquished.

Grand Total: 70 creatures vanquished

Notes
Turn   | Place    | Note
-------+----------+-------------------------------------------
     0 | D:1      | vurker the Felid Air Elementalist began the quest for the
                  | Orb.
     0 | D:1      | Reached XP level 1. HP: 7/7 MP: 4/4
   145 | D:1      | Reached skill level 1 in Conjurations
   271 | D:1      | Reached XP level 2. HP: 12/12 MP: 0/6
   430 | D:1      | Reached skill level 3 in Air Magic
  1319 | D:2      | Found an ancient bone altar of Kikubaaqudgha.
  1474 | D:2      | You fall into a shaft and drop 2 floors!
  1513 | D:4      | Reached XP level 3. HP: 15/15 MP: 4/7
  1597 | D:4      | Reached skill level 1 in Fighting
  1597 | D:4      | Reached XP level 4. HP: 4/19 MP: 0/9
  1972 | D:4      | Noticed a bullfrog
  2117 | D:3      | Noticed Ijyb
  2280 | D:3      | Found a faded altar of an unknown god.
  2468 | D:2      | Noticed Jessica
  2478 | D:2      | Killed Jessica
  2479 | D:2      | Reached XP level 5. HP: 10/22 MP: 6/10
  3510 | D:3      | You fall into a shaft and drop 1 floor!
  4060 | D:3      | Found a stormy altar of Qazlal.
  4159 | D:3      | Reached skill level 4 in Air Magic
  4538 | D:3      | Killed from afar by Ijyb
  4539 | D:3      | Reached XP level 4. HP: -4/19 MP: 10/10
  4539 | D:3      | Quit the game

Illustrated notes

Levels and vault maps discovered:
D:1:      psy_arrival_spokes, layout_rooms, serial_co_window_serial,
          co_window_paths_a, co_window_paths_a, co_window_corner_a,
          co_window_paths_a, co_window_corner_a, co_window_paths_b,
          co_window_of_opportunity_a, co_window_cross_1, co_window_paths_a,
          co_window_broadway_c, co_window_corner_b, co_window_cross_3,
          co_window_unsneaky_path_a, glass_columns_a, glass_columns_a,
          glass_columns_c, glass_columns_a
D:2:      layout_loops_corners, basic_altar, small_statue_intersection,
          kennysheep_small_spiral, uniq_jessica
D:3:      layout_loops_cross, mainiacjoe_overflow_paths,
          dreamdust_ecumenical_altar_grove, uniq_ijyb
D:4:      layout_basic, cheibrodos_gnoll_hut

Skill      XL: |  1  2  3  4  5 |
---------------+----------------+-----
Conjurations   | 1 2 |  2.1
Air Magic      | 3 4 |  4.0
Fighting       | 1 2 |  2.0
Spellcasting   | 3 |  3.6
Dodging        | |  2.6
Stealth        | |  2.6

Action                   |  1- 3 |  4- 6 || total
-------------------------+-------+-------++-------
Melee: Unarmed           |    11 |     6 ||    17
 Cast: Shock             |    54 |    98 ||   152
Dodge: Dodged            |    15 |    39 ||    54

Table legend: (Time is in decaauts)
 A = Elapsed time spent in this place.
 B = Non-inter-level travel time spent in this place.
 C = Inter-level travel time spent in this place.
 D = Time resting spent in this place.
 E = Time spent auto-exploring this place.
 F = Levels seen in this place.
 G = Mean time per level.
                   A        B        C        D        E       F      G
               +--------+--------+--------+--------+--------+-----+--------+
         Total |   4044 |   3948 |     96 |      0 |   3518 |   4 | 1011.0 |
       Dungeon |   4044 |   3948 |     96 |      0 |   3518 |   4 | 1011.0 |
               +--------+--------+--------+--------+--------+-----+--------+

Top non-repeatable levels by time:
     D:2: 1225 daAuts
     D:1: 1125 daAuts
     D:4: 873 daAuts
     D:3: 820 daAuts
